 Dungeon Crawl Stone Soup version 0.31-a0-4-gefa6de2278 (webtiles) character file.

Game seed: 18110535087397308301

61 Dittersdorf the Trooper (level 4, -7/29 HPs)
             Began as a Gargoyle Fighter on May 3, 2023.
             Killed from afar by Ijyb (13 damage)
             ... with a bolt of dispelling energy
             ... on level 3 of the Dungeon.
             The game lasted 00:02:23 (1555 turns).

Dittersdorf the Trooper (Gargoyle Fighter)          Turns: 1555, Time: 00:02:24

Health: -7/29      AC: 14    Str: 28    XL:     4   Next: 7%
Magic:  4/4        EV:  8    Int:  8    God:
Gold:   86         SH:  4    Dex:  9    Spells: 3/3 levels left

rFire   . . .        a - +0 flail
rCold   . . .        c - +0 buckler
rNeg    + . .        g - +0 chain mail
rPois   ∞            h - +0 helmet
rElec   +            (no cloak)
rCorr   .            (no gloves)
SInv    .            (no boots)
Will    .....        (no amulet) Stlth
                     j - +6 ring of strength
HPRegen 0.24/turn    (no ring)
MPRegen 0.09/turn

%: no passive effects
@: no status effects
A: sickness immunity, AC +3, negative energy resistance 1, electricity
resistance, torment resistance 1, petrification resistance
a: no special abilities


You were on level 3 of the Dungeon.
You visited 1 branch of the dungeon, and saw 3 of its levels.

You collected 86 gold pieces.

Inventory:

Hand Weapons
 a - a +0 flail (weapon)
Missiles
 k - 5 poisoned darts (quivered)
Armour
 c - a +0 buckler (worn)
 g - a +0 chain mail (worn)
 h - a +0 helmet (worn)
Jewellery
 j - a +6 ring of strength (left hand)
Scrolls
 b - a scroll of vulnerability {unknown}
 i - a scroll of torment {unknown}
 l - 2 scrolls of magic mapping
Potions
 d - 2 potions of might
 e - 2 potions of magic {unknown}
 f - a potion of curing {unknown}
 n - a potion of mutation {unknown}
 o - a potion of heal wounds


   Skills:
 + Level 3.9 Fighting
 + Level 2.7 Maces & Flails
 + Level 3.8 Armour
 + Level 3.8 Shields


You had 3 spell levels left.
You didn't know any spells.
Your spell library contained the following spells:

 Spells                   Type           Power      Damage    Failure   Level
 Apportation              Tloc           0%         N/A       92%         1
 Alistair's Intoxication  Tmut/Pois      0%         N/A       100%        5


Dungeon Overview and Level Annotations

Branches:
Dungeon (3/15)

Altars:

Annotations:
D:3 Ijyb


Innate Abilities, Weirdness & Mutations

You are immune to sickness and miasma.
Your stone body is resilient. (AC +3)
You are immune to poison.
You resist negative energy. (rN+)
You are resistant to electric shocks. (rElec)
You are resistant to unholy torment.
You are immune to petrification.


Message History

o - a potion of heal wounds Autopickup disabled for potions of lignification.
You drop a potion of lignification.
As you read the scroll labelled YSCHIT HEUGRA, it crumbles to dust.
You assume a fearsome visage.
Nothing appears to happen.
It was a scroll of fear.
As you read the scroll labelled WYUQIA VARIN, it crumbles to dust.
You feel aware of your surroundings.
You sensed 1 shop/portal.
It was a scroll of magic mapping.
You start waiting.
You hear the slow rusting of a distant drain.
You start waiting.
You hear the slow rusting of a distant drain.
Ijyb the Twisted Goblin comes into view.
She is wielding a +0 club, wearing a +2 scale mail of cold resistance and carrying a wand of quicksilver (8).
Ijyb shouts!
A rat comes into view.
Ijyb hits you but does no damage.
You barely miss Ijyb. Ijyb hits you but does no damage.
You closely miss Ijyb.
Ijyb zaps a wand.
The bolt of dispelling energy misses you.
You hit Ijyb but do no damage. Ijyb hits you but does no damage.
You hit Ijyb but do no damage. You block Ijyb's attack.
Ijyb screams, "No!
No, no, no, no!"
Ijyb barely misses you.
You hit Ijyb but do no damage. Ijyb hits you with a +0 club.
You barely miss Ijyb. You block the rat's attack.
Ijyb screams, "Level is mine!
All mine!"
Ijyb zaps a wand.
The bolt of dispelling energy hits you.
You hit Ijyb.
Ijyb is lightly wounded.
The rat bites you but does no damage. Ijyb hits you with a +0 club.
You block Ijyb's attack. The rat bites you but does no damage.
You barely miss Ijyb.
Ijyb is lightly wounded.
You block the rat's attack.
Ijyb zaps a wand.
The bolt of dispelling energy hits you!
* * * LOW HITPOINT WARNING * * *
You closely miss the rat. You block the rat's attack.
Ijyb zaps a wand.
The bolt of dispelling energy hits you!
You die...

*∩~~~~* *,***********
*~~~~~** *,************
*~~~~,,** *,*,,,,,,,,,,,
*~~,,,,,* *,*,**********
*,,,,,*,* *,*,#####*****
***,.##,* *,*,#...,,,,,*
**....#######+#+#.####**,*
***#..............#.###,*
#...g@.............#,*
#...r..........#.#.#,*
#..............#.#.#,*
#########+#+#...<..#,*
*,*,########,*
*,*>,,,,,,,,,*
**,*,,,,,,,,,,,
*,,,,,,,,,,,,,,
*,,,,,,,,,,,,,*


You could see Ijyb and a rat.

Vanquished Creatures
  2 adders (D:2)
  A dart slug (D:2)
  4 endoplasms
  2 giant cockroaches (D:1)
  4 goblins (D:2)
  2 hobgoblins
  2 jackals (D:1)
  5 ball pythons
  5 bats
  5 frilled lizards
  4 kobolds
  6 rats
42 creatures vanquished.

Notes
Turn   | Place    | Note
-------+----------+-------------------------------------------
     0 | D:1      | Dittersdorf the Gargoyle Fighter began the quest for the
                  | Orb.
     0 | D:1      | Reached XP level 1. HP: 14/14 MP: 1/1
    90 | D:1      | Reached XP level 2. HP: 16/19 MP: 2/2
   783 | D:2      | Reached XP level 3. HP: 24/24 MP: 3/3
  1262 | D:2      | Reached XP level 4. HP: 28/29 MP: 4/4
  1543 | D:3      | Noticed Ijyb
  1555 | D:3      | Killed from afar by Ijyb

Illustrated notes

Levels and vault maps discovered:
D:1:      amcnicky_arrival_blooded_trapdoor, layout_loops_ring,
          corexii_corridor_pit
D:2:      layout_basic
D:3:      layout_basic, portal_sewer_entry_b, minmay_increasing_density,
          uniq_ijyb

Action                     |  1- 3 |  4- 6 || total
---------------------------+-------+-------++-------
  Melee: Flail             |   130 |    19 ||   149
    Use: Scroll            |       |     4 ||     4
 Armour: Scale mail        |    17 |       ||    17
         Chain mail        |    72 |    12 ||    84
  Dodge: Dodged            |    55 |     7 ||    62
  Block: Buckler           |    23 |     7 ||    30

Table legend: (Time is in decaauts)
 A = Elapsed time spent in this place.
 B = Non-inter-level travel time spent in this place.
 C = Inter-level travel time spent in this place.
 D = Time resting spent in this place.
 E = Time spent auto-exploring this place.
 F = Levels seen in this place.
 G = Mean time per level.
                   A        B        C        D        E       F      G
               +--------+--------+--------+--------+--------+-----+--------+
         Total |   1598 |   1553 |     45 |    106 |   1050 |   3 |  532.7 |
       Dungeon |   1598 |   1553 |     45 |    106 |   1050 |   3 |  532.7 |
               +--------+--------+--------+--------+--------+-----+--------+

Top non-repeatable levels by time:
     D:1: 816 daAuts
     D:2: 658 daAuts
     D:3: 123 daAuts
